 Dungeon Crawl Stone Soup version 0.29.1-2-gbd0b4ee654 (webtiles) character file.

Game seed: 13489486765512762530

46 KittyFluff the Trooper (level 3, 0/36 HPs)
             Began as a Gargoyle Berserker on Nov 27, 2022.
             Was a Believer of Trog.
             Slain by an orc priest
             ... wielding a +0 club
              (2 damage)
             ... on level 2 of the Dungeon.
             The game lasted 00:06:36 (1511 turns).

KittyFluff the Trooper (Gargoyle Berserker)         Turns: 1511, Time: 00:06:37

Health: 0/36       AC:  6    Str: 20    XL:     3   Next: 68%
Magic:  3/3        EV: 12    Int:  7    God:    Trog [**....]
Gold:   77         SH:  0    Dex: 11    Spells: 2/2 levels left

rFire   . . .      SeeInvis .   a - +0 mace
rCold   . . .      Faith    .   (no shield)
rNeg    + . .      Spirit   .   b - +0 animal skin
rPois   ∞          Reflect  .   (no helmet)
rElec   +          Harm     .   (no cloak)
rCorr   .          Rampage  .   n - +0 pair of gloves
Will    .....                   (no boots)
Stlth   ..........              (no amulet)
HPRegen 0.12/turn               (no ring)
MPRegen 0.08/turn               (no ring)

@: berserking (expiring), very quick
A: sickness immunity, AC +3, negative energy resistance 1, electricity
resistance, torment resistance 1, petrification resistance
a: Renounce Religion, Berserk, Trog's Hand


You were on level 2 of the Dungeon.
You worshipped Trog.
Trog was pleased with you.
You visited 1 branch of the dungeon, and saw 3 of its levels.

You collected 77 gold pieces.

Inventory:

Hand Weapons
 a - a +0 mace (weapon)
Armour
 b - a +0 animal skin (worn)
 m - a +0 leather armour
 n - a +0 pair of gloves (worn)
Scrolls
 c - a scroll of identify {unknown}
 g - a scroll of noise {unknown}
 h - 2 scrolls of blinking {unknown}
 i - a scroll of fog {unknown}
 l - a scroll of immolation {unknown}
Potions
 d - a potion of ambrosia {unknown}
 e - a potion of berserk rage {unknown}
 f - a potion of attraction {unknown}
 j - a potion of curing {unknown}
 k - a potion of cancellation {unknown}


   Skills:
 + Level 3.8 Fighting
 + Level 3.6 Maces & Flails
 + Level 0.1 Throwing
 * Level 2.6 Armour
 + Level 1.9 Dodging


You had 2 spell levels left.
You didn't know any spells.
Your spell library was empty.

Dungeon Overview and Level Annotations

Branches:
Dungeon (3/15)

Altars:


Innate Abilities, Weirdness & Mutations

You are immune to sickness and miasma.
Your stone body is resilient. (AC +3)
You are immune to poison.
You resist negative energy. (rN+)
You are resistant to electric shocks. (rElec)
You are resistant to unholy torment.
You are immune to petrification.


Message History

Trog accepts your kill.
You closely miss the orc. The orc hits you with a +0 falchion.
The orc priest barely misses you.
Things that are here:
a +0 hand axe; 3 boomerangs; a +0 leather armour The orc priest looks satisfied for a moment.
The orc barely misses you.
There is a stone staircase leading up here.
You barely miss the orc. The orc closely misses you.
You hit the orc priest.
The orc priest is lightly wounded.
The orc priest hits you with a +0 club.
An orc comes into view.
It is wielding a +0 flail and wearing a +3 leather armour of poison resistance.
The orc hits you but does no damage. The orc closely misses you.
The orc priest hits you with a +0 club. The orc hits you but does no damage.
The orc hits you with a +0 falchion! The orc priest closely misses you.
The orc hits you but does no damage. x2
You climb upwards.
There is a stone staircase leading down here.
A red film seems to cover your vision as you go berserk!
You feel yourself moving faster!
You feel mighty! The orc closely misses you. The orc misses you.
The orc priest barely misses you.
You sock the orc priest!
The orc priest is almost dead.
You barely miss the orc priest.
The orc priest is almost dead.
The orc hits you with a +0 club. The orc barely misses you.
The orc priest hits you with a +0 club.
* * * LOW HITPOINT WARNING * * *
You closely miss the orc priest.
The orc priest is almost dead.
The orc hits you but does no damage. The orc hits you with a +0 falchion.
* * * LOW HITPOINT WARNING * * *
The orc priest hits you but does no damage.
You closely miss the orc priest.
The orc priest is almost dead.
The orc hits you but does no damage. The orc hits you with a +0 falchion.
* * * LOW HITPOINT WARNING * * *
The orc priest hits you with a +0 club.
You die...

#.##.#.†........##.#.## #.......
#.#...####.####.# #.# #..#.#..
#..........# #.# ### #..<###.
###...#########.###########.#.#..
##.## ##....##..........##.#. #.#
##.....##.###########.#. #.#
##.......#.# #.#.
#.####......o...# #.#.
#............@o## #######.#.
######.......o.######.......##
##...............#######
##.....########## ##...## #####


You could see an orc priest and 2 orcs.

Vanquished Creatures
  A dart slug (D:2)
  An orc (D:3)
  2 bats (D:2)
  An endoplasm (D:2)
  4 giant cockroaches (D:2)
  A goblin (D:1)
  2 hobgoblins (D:1)
  9 jackals
  4 quokkas (D:1)
  5 ball pythons
  5 frilled lizards
  A kobold (D:2)
  2 rats (D:2)
38 creatures vanquished.

Notes
Turn   | Place    | Note
-------+----------+-------------------------------------------
     0 | D:1      | KittyFluff the Gargoyle Berserker began the quest for the
                  | Orb.
     0 | D:1      | Reached XP level 1. HP: 14/14 MP: 1/1
   194 | D:1      | Reached XP level 2. HP: 19/19 MP: 2/2
   826 | D:2      | Reached XP level 3. HP: 18/24 MP: 3/3
  1044 | D:2      | Reached ** piety under Trog
  1511 | D:2      | Slain by an orc priest

Illustrated notes

Levels and vault maps discovered:
D:1:      lemuel_arrival_broad_hall, layout_loops_ring, serial_glass,
          glass_columns_c, glass_columns_a
D:2:      layout_loops_ring, minmay_pentomino_u4
D:3:      layout_basic, yredelemnul_altar_generic, ebering_ghost_sewer_f,
          basic_ecumenical_altar

Action                   || total
-------------------------++-------
Melee: Mace              ||   120
Throw: Stone             ||    12
Invok: Berserk           ||     1
Armor: Animal skin       ||    68
Dodge: Dodged            ||    85
